 Dungeon Crawl Stone Soup version 0.20.1-1-g8b1a95d (webtiles) character file.

7595 kae the Cruncher (level 11, -6/89 HPs)
             Began as a Formicid Fighter on Sept 28, 2017.
             Was a Priest of Ru.
             Mangled by Snorg (12 damage)
             ... on level 10 of the Dungeon.
             The game lasted 00:12:35 (10932 turns).

kae the Cruncher (Formicid Fighter)                Turns: 10932, Time: 00:12:36

Health: -6/89      AC: 13    Str: 25    XL:     11   Next: 40%
Magic:  0/9        EV:  7    Int:  7    God:    Ru [***...]
Gold:   445        SH: 19    Dex: 10    Spells: 10/10 levels left

rFire    + . .     SeeInvis +   a - +0 quarterstaff
rCold    . . .     Gourm    .   k - +1 large shield
rNeg     . . .     Faith    .   A - +1 chain mail {rF+}
rPois    .         Spirit   +   (helmet unavailable)
rElec    .         Reflect  .   (no cloak)
rCorr    .         Harm     .   (no gloves)
MR       +....                  w - +0 pair of boots
Stlth    ..........             D - amulet of guardian spirit
Regen    0.3/turn               n - ring of ice
MPRegen  0.2/turn               z - ring of fire

@: no status effects
A: permanent stasis, dig shafts and tunnels, four strong arms, antennae 3, low
mp 1, no air magic, no conjurations magic, no hexes magic, inexperienced 1
a: Dig, Shaft Self, Draw Out Power, Renounce Religion


You were on level 10 of the Dungeon.
You worshipped Ru.
Ru was most pleased with you.
You were not hungry.

You visited 1 branch of the dungeon, and saw 12 of its levels.

You collected 445 gold pieces.

Inventory:

Hand Weapons
 a - a +0 quarterstaff (weapon)
Armour
 b - a +0 scale mail
 c - a +0 shield
 k - a +1 large shield (worn)
 w - a +0 pair of boots (worn)
 A - a +1 chain mail of fire resistance (worn)
Jewellery
 n - a ring of ice (left hand)
 z - a ring of fire (right hand)
 D - an amulet of guardian spirit (around neck)
Wands
 m - a wand of digging (7/24)
 r - a wand of disintegration (24/24)
 x - a wand of acid (8/15)
 I - a wand of paralysis (8/24)
Scrolls
 h - a scroll of recharging
 l - 3 scrolls of remove curse
 t - a scroll of amnesia
 v - a scroll of magic mapping
 y - 2 scrolls of enchant armour
 B - 3 scrolls of identify
 G - a scroll of enchant weapon {unknown}
Potions
 d - 4 potions of might
 e - a potion of mutation
 j - a potion of brilliance
 o - 3 potions of flight
 p - a potion of ambrosia
 q - 3 potions of berserk rage
 s - 2 potions of curing
 E - a potion of agility
 H - a potion of haste {unknown}
Books
 u - a book of Cantrips

   Spells                             Type                      Level
   a - Confusing Touch                Hexes                        1
   b - Animate Skeleton               Necromancy                   1
   c - Summon Small Mammal            Summoning                    1
   d - Apportation                    Translocation                1
 C - a book of Geomancy

   Spells                             Type                      Level
   a - Sandblast                      Earth                        1
   b - Passwall                       Transmutation/Earth          2
   c - Stone Arrow                    Conjuration/Earth            3
   d - Petrify                        Transmutation/Earth          4
   e - Lee's Rapid Deconstruction     Earth                        5
Comestibles
 f - 7 bread rations
 g - 2 royal jellies
 i - 4 meat rations
 F - 4 fruits


   Skills:
 + Level 9.3 Fighting
 * Level 11.4 Staves
 + Level 9.2 Armour
 + Level 10.1 Shields


You had 10 spell levels left.
You didn't know any spells.

Dungeon Overview and Level Annotations

Branches:
Dungeon (12/15)            Temple (0/1) D:5
   Lair: D:8-11         Orc: D:9-12

Altars:
Cheibriados
Dithmenos
Elyvilon
Fedhas
Gozag
Kikubaaqudgha
Ru
Yredelemnul
The Shining One

Shops:
D:6 %

Annotations:
D:10 Snorg
D:12 Erolcha


Innate Abilities, Weirdness & Mutations

You cannot be hasted, slowed, berserked, paralysed or teleported.
You can dig through walls and to a lower floor.
Your four strong arms can wield two-handed weapons with a shield.
You have a pair of large antennae on your head. (SInv)
Your magical capacity is low. (-10% MP)
You cannot study or cast Air magic.
You cannot study or cast Conjurations magic.
You cannot study or cast Hexes magic.
You are somewhat inexperienced. (-2 XL)


Message History

Snorg bites you but does no damage. You block Snorg's attack. x2
Your shield and chain mail prevent you from hitting Snorg.
Snorg is almost dead.
You redirect Snorg's attack!
Snorg closely misses the adder. x2; Snorg claws the adder.
Your shield and chain mail prevent you from hitting Snorg.
Snorg is severely wounded.
You block Snorg's attack. Snorg closely misses you. You block Snorg's attack.
You sock Snorg!
Snorg is almost dead.
Snorg bites you but does no damage. Snorg claws you!
Snorg claws you but does no damage.
You hit Snorg.
Snorg is almost dead.
You block Snorg's attack. Snorg claws you!
* * * LOW HITPOINT WARNING * * *
Snorg claws you!
* * * LOW HITPOINT WARNING * * *
You block Snorg's attack. x2; Snorg claws you!
You die...

######## #[....##
############.....##
#.@....†)).......##
#T##########.......
#S# #.....## #†#
###.#.## ..# #.#.##
#.## #.#.## #.
#.#.## #. #.#... ..
....##


You could see Snorg (berserk) and an adder.

Vanquished Creatures
  Nessos (D:11)
  A two-headed ogre (D:9)
  The ghost of kae the Carver, a novice FoFi of Okawaru (D:8)
  Sonja (D:12)
  Grinder (D:3)
  2 hippogriffs
  5 yaks (D:10)
  Eustachio (D:6)
  3 hungry ghosts
  A steam dragon (D:11)
  Menkaure (D:5)
  6 orc warriors
  3 black bears
  3 ice beasts
  A sky beast (D:7)
  2 phantoms
  6 ogres
  4 centaurs
  A crocodile (D:8)
  3 big kobolds
  4 bullfrogs
  A wyvern zombie (D:11)
  A scorpion (D:3)
  A water moccasin skeleton (D:7)
  6 killer bees (D:9)
  4 crimson imps
  A bullfrog zombie (D:8)
  2 quasits
  3 centaur zombies
  2 jellies
  3 bullfrog skeletons
  A gnoll shaman (D:5)
  5 hounds
  13 orc wizards
  6 orc priests
  7 worker ants
  3 iguanas
  A hound skeleton (D:11)
  A howler monkey zombie (D:6)
  A worker ant zombie (D:9)
  13 gnolls
  7 adders
  3 shadow imps
  3 oozes
  2 worms
  3 dart slugs
  5 leopard geckos
  32 orcs
  A ball python (D:5)
  4 giant cockroaches
  4 goblins
  7 hobgoblins
  3 jackals (D:1)
  28 kobolds
  5 quokkas
  8 bats
  11 frilled lizards
  A rat (D:1)
253 creatures vanquished.

Vanquished Creatures (others)
  An orc (D:8)
  A kobold (D:9)
2 creatures vanquished.

Grand Total: 255 creatures vanquished

Notes
Turn   | Place    | Note
-------+----------+-------------------------------------------
     0 | D:1      | kae the Formicid Fighter began the quest for the Orb.
     0 | D:1      | Reached XP level 1. HP: 18/18 MP: 1/1
   151 | D:1      | Reached XP level 2. HP: 22/24 MP: 2/2
   539 | D:1      | Reached XP level 3. HP: 24/29 MP: 3/3
  1084 | D:2      | Reached skill level 3 in Staves
  1084 | D:2      | Reached XP level 4. HP: 32/36 MP: 4/4
  1257 | D:2      | Found a sacrificial altar of Ru.
  1524 | D:2      | Became a worshipper of Ru the Awakened
  1754 | D:3      | Reached XP level 5. HP: 25/42 MP: 5/5
  2063 | D:3      | Noticed Grinder
  2123 | D:3      | Killed Grinder
  2123 | D:3      | Reached skill level 4 in Staves
  2123 | D:3      | Reached skill level 5 in Shields
  2123 | D:3      | Reached XP level 6. HP: 10/49 MP: 6/6
  2123 | D:3      | Reached XP level 7. HP: 11/55 MP: 7/7
  2909 | D:4      | Reached skill level 5 in Staves
  2944 | D:4      | Reached skill level 5 in Fighting
  3268 | D:4      | Found a snail-covered altar of Cheibriados.
  3324 | D:4      | Gained mutation: Your magical capacity is low. (-10% MP) [Ru sacrifice]
  3856 | D:4      | Reached skill level 5 in Armour
  3935 | D:5      | Entered Level 5 of the Dungeon
  3955 | D:5      | Found a shadowy altar of Dithmenos.
  3970 | D:5      | Noticed Menkaure
  4003 | D:5      | Reached XP level 8. HP: 55/62 MP: 7/7
  4015 | D:5      | Killed Menkaure
  4191 | D:5      | Found a basalt altar of Yredelemnul.
  4197 | D:5      | Reached skill level 6 in Staves
  4564 | D:5      | Found a staircase to the Ecumenical Temple.
  4917 | D:6      | Reached XP level 9. HP: 46/69 MP: 8/8
  5125 | D:6      | Noticed Eustachio
  5145 | D:6      | Reached skill level 7 in Staves
  5155 | D:6      | Killed Eustachio
  5414 | D:6      | Found Ihextusaty's Food Emporium.
  5814 | D:7      | Reached skill level 8 in Staves
  6078 | D:7      | Gained mutation: You are somewhat inexperienced. (-2 XL) [Ru sacrifice]
  6078 | D:7      | Reached XP level 8. HP: 67/67 MP: 7/7
  6078 | D:7      | Reached XP level 7. HP: 60/60 MP: 6/6
  6078 | D:7      | Reached * piety under Ru
  6078 | D:7      | Reached ** piety under Ru
  6291 | D:7      | Reached XP level 8. HP: 43/67 MP: 7/7
  6853 | D:7      | Noticed a hippogriff
  6863 | D:7      | Killed a hippogriff
  6921 | D:8      | Noticed kae's ghost (novice FoFi)
  6960 | D:8      | Killed kae's ghost
  6960 | D:8      | Reached skill level 9 in Staves
  6960 | D:8      | Reached XP level 9. HP: 53/73 MP: 8/8
  7827 | D:9      | Found an ancient bone altar of Kikubaaqudgha.
  7827 | D:9      | Found a glowing golden altar of the Shining One.
  7861 | D:9      | Found an opulent altar of Gozag.
  8024 | D:9      | Reached XP level 10. HP: 59/80 MP: 9/9
  8235 | D:9      | Reached skill level 10 in Staves
  8376 | D:9      | Gained mutation: You cannot study or cast Air magic. [Ru sacrifice]
  8376 | D:9      | Gained mutation: You cannot study or cast Hexes magic. [Ru sacrifice]
  8376 | D:9      | Gained mutation: You cannot study or cast Conjurations magic. [Ru sacrifice]
  8376 | D:9      | Reached *** piety under Ru
  8397 | D:9      | Noticed a two-headed ogre
  8416 | D:9      | Killed a two-headed ogre
  8563 | D:9      | Found a white marble altar of Elyvilon.
  9086 | D:9      | Found a blossoming altar of Fedhas.
  9341 | D:10     | Entered Level 10 of the Dungeon
  9421 | D:10     | Noticed Snorg
  9446 | D:10     | You fall through a shaft for 2 floors!
  9675 | D:12     | Noticed Sonja
  9716 | D:12     | Killed Sonja
  9716 | D:12     | Reached XP level 11. HP: 23/87 MP: 9/9
 10087 | D:12     | Noticed Nessos
 10093 | D:12     | Noticed Erolcha
 10120 | D:11     | Killed Nessos
 10120 | D:11     | Reached skill level 11 in Staves
 10120 | D:11     | Reached skill level 10 in Shields
 10932 | D:10     | Mangled by Snorg

Skill      XL: |  1  2  3  4  5  6  7  8  9 10 11 |
---------------+----------------------------------+-----
Shields        | 4 5 8 9 10 | 10.1
Staves         | 3 4 5 9 8 10 11 | 11.4
Fighting       | 4 5 6 8 9 |  9.3
Armour         | 4 7 6 8 9 |  9.2

Action                   |  1- 3 |  4- 6 |  7- 9 | 10-12 || total
-------------------------+-------+-------+-------+-------++-------
Melee: Quarterstaff      |   111 |   139 |   639 |   439 ||  1328
Invok: Sacrifice Essence |       |       |     1 |       ||     1
       Sacrifice Experie |       |       |     1 |       ||     1
       Draw Out Power    |       |       |       |     3 ||     3
       Sacrifice Arcana  |       |       |       |     1 ||     1
 Abil: Dig               |       |     1 |     7 |     3 ||    11
       Shaft Self        |       |       |       |     1 ||     1
Evoke: Wand              |       |       |       |     1 ||     1
  Use: Scroll            |     2 |       |    15 |     1 ||    18
       Potion            |       |     2 |       |     1 ||     3
 Stab: Distracted        |       |       |     1 |     1 ||     2
       Invisible         |       |       |     1 |       ||     1
  Eat: Chunk             |       |     3 |    18 |     9 ||    30
       Royal jelly       |       |       |     2 |       ||     2
       Fruit             |       |       |       |     2 ||     2
       Meat ration       |       |       |       |     1 ||     1
Armor: Scale mail        |    58 |    48 |    79 |       ||   185
       Chain mail        |       |       |    43 |    82 ||   125
Dodge: Dodged            |    36 |    17 |    96 |    53 ||   202
Block: Shield            |    62 |       |       |       ||    62
       Large shield      |     5 |    96 |   438 |   327 ||   866
